[Event "Titled Tuesday Blitz November 14 Late 2023"]
[White "Gerbelli Neto, Eduardo"]
[Black "Hoffmann, Asa"]
[WhiteFideId "2103281"]
[BlackFideId "2001470"]
[WhiteElo "2323"]
[BlackElo "2384"]
[Result "1-0"]
[Round "10"]
[TimeControl "180+1"]
[Date "2023.11.14"]
[WhiteClock "0:01:29"]
[BlackClock "0:02:05"]
[Board "85"]

1. e4 d6 2. Nc3 c6 3. d4 Nf6 4. Bd3 e5 5. Nf3 Bg4 6. d5 Be7 7. h3 Bh5 8. Be3 Nbd7 9. Qe2 c5 10. g4 Bg6 11. Nd2 a6 12. a4 b6 13. O-O Qc8 14. f4 exf4 15. Bxf4 Ne5 16. Bxe5 dxe5 17. Nc4 Nd7 18. d6 Bg5 19. Nd5 O-O 20. Qf2 Rb8 21. h4 Bf4 22. Ne7+ Kh8 23. Nxc8 Rfxc8 24. h5 1-0


[Site "https://www.chess.com"]

[Event "Titled Tuesday Blitz November 14 Late 2023"]
[White "Kuegel, Tobias"]
[Black "Ghosh, Chanchal Kumer"]
[WhiteFideId "4636295"]
[BlackFideId "10201858"]
[WhiteElo "2334"]
[BlackElo "2179"]
[Result "1-0"]
[Round "10"]
[TimeControl "180+1"]
[Date "2023.11.14"]
[WhiteClock "0:00:14"]
[BlackClock "0:00:00"]
[Board "86"]

1. e4 c5 2. Nf3 d6 3. d4 cxd4 4. Nxd4 Nf6 5. f3 Nc6 6. c4 e5 7. Nc2 Nxe4 8. fxe4 Qh4+ 9. Kd2 Qxe4 10. Nc3 Qf4+ 11. Ke2 Bg4+ 12. Ke1 Bxd1 13. Bxf4 Bxc2 14. Be3 Bf5 15. Nd5 Rc8 16. b4 Be6 17. b5 Bxd5 18. cxd5 Nb4 19. Kf2 Be7 20. Bxa7 O-O 21. a4 Rc2+ 22. Be2 Nxd5 23. Rhc1 Rfc8 24. Rxc2 Rxc2 25. Ke1 Nc3 26. Bd3 Rxg2 27. a5 Nxb5 28. Bxb5 d5 29. Kf1 Rxh2 30. Kg1 Rb2 31. Bf1 f5 32. Rc1 Kf7 33. Rc7 Ke6 34. Bb6 f4 35. Bh3+ Kf6 36. Rxb7 Bc5+ 37. Kf1 f3 38. Bd8+ 1-0


[Site "https://www.chess.com"]

[Event "Titled Tuesday Blitz November 14 Late 2023"]
[White "Curtis, John"]
[Black "Huda, Maryana"]
[WhiteFideId "3200256"]
[BlackFideId "14116553"]
[WhiteElo "2177"]
[BlackElo "2326"]
[Result "1-0"]
[Round "10"]
[TimeControl "180+1"]
[Date "2023.11.14"]
[WhiteClock "0:01:56"]
[BlackClock "0:00:55"]
[Board "87"]

1. d4 Nf6 2. c4 e6 3. Nc3 d5 4. Nf3 Be7 5. Bg5 Nbd7 6. e3 O-O 7. Rc1 b6 8. cxd5 exd5 9. Qa4 Bb7 10. Ba6 Qc8 11. Bxf6 Nxf6 12. Bxb7 Qxb7 13. Ne5 c5 14. Qc6 Qxc6 15. Nxc6 Bd6 16. Nb5 Bb8 17. dxc5 a6 18. Nbd4 bxc5 19. Rxc5 Bd6 20. Rc2 Rfc8 21. Ke2 Kf8 22. h3 Rc7 23. Rhc1 Rac8 24. f3 Nd7 25. Kd3 Ne5+ 26. Nxe5 Bxe5 27. Rxc7 Rxc7 28. Rxc7 Bxc7 29. Nc6 Bd6 30. Kd4 1-0


[Site "https://www.chess.com"]

[Event "Titled Tuesday Blitz November 14 Late 2023"]
[White "tandercat"]
[Black "Broca Jimenez, Fernando"]
[BlackFideId "5104742"]
[WhiteElo "2051"]
[BlackElo "2204"]
[Result "0-1"]
[Round "10"]
[TimeControl "180+1"]
[Date "2023.11.14"]
[WhiteClock "0:01:07"]
[BlackClock "0:00:04"]
[Board "88"]

1. d4 Nf6 2. c4 e6 3. Nc3 Bb4 4. f3 d5 5. a3 Bxc3+ 6. bxc3 O-O 7. cxd5 exd5 8. e3 Bf5 9. Ne2 h6 10. g4 Bh7 11. Ng3 Re8 12. Bd3 Nbd7 13. O-O c5 14. Nf5 cxd4 15. cxd4 Nb6 16. Rb1 Nc4 17. Rxb7 Bxf5 18. Bxf5 Nxe3 19. Bxe3 Rxe3 20. Qc1 Qe8 21. Qc7 Re1 22. Qc3 Rxf1+ 23. Kxf1 Rb8 24. Rxb8 Qxb8 25. Qc8+ Qxc8 26. Bxc8 Kf8 27. Bb7 Ke7 28. Ke2 Kd6 29. Ke3 Kc7 30. Ba6 Kb6 31. Bd3 Ka5 32. h4 Ka4 33. g5 hxg5 34. hxg5 Nd7 35. Bf5 Nb6 36. g6 fxg6 37. Bxg6 Kxa3 38. Kf4 Kb3 39. Ke5 a5 40. Be8 Kc4 41. f4 a4 42. Bg6 a3 43. Bb1 Kb3 44. Kf5 a2 45. Bxa2+ Kxa2 46. Kg6 Kb3 47. Kxg7 Kc4 48. f5 Kxd4 49. f6 Nd7 50. f7 Ke5 51. f8=Q Nxf8 52. Kxf8 d4 0-1


[Site "https://www.chess.com"]

[Event "Titled Tuesday Blitz November 14 Late 2023"]
[White "Dahlgren, James Allen"]
[Black "Harish, Neeraj"]
[WhiteFideId "22256873"]
[BlackFideId "30958130"]
[WhiteElo "2139"]
[BlackElo "2305"]
[Result "0-1"]
[Round "10"]
[TimeControl "180+1"]
[Date "2023.11.14"]
[WhiteClock "0:00:25"]
[BlackClock "0:00:53"]
[Board "90"]

1. d3 d5 2. f4 Nf6 3. Nf3 c5 4. g3 Nc6 5. Bg2 g6 6. O-O Bg7 7. Nc3 O-O 8. e4 d4 9. Ne2 e5 10. Nh4 exf4 11. Bxf4 Nh5 12. Bd2 Bg4 13. h3 Bxe2 14. Qxe2 Nxg3 15. Qg4 Nxf1 16. Rxf1 h5 17. Qg3 Be5 18. Qf2 Kg7 19. Nf3 Qe7 20. Bg5 f6 21. Bh4 Bc7 22. Nd2 Qd6 23. Bf3 g5 24. Nc4 Qf4 25. Bg4 hxg4 26. Qe2 Qh2+ 27. Qxh2 Bxh2+ 28. Kxh2 gxh4 29. hxg4 Ne5 30. Kh3 Nxc4 31. dxc4 Kg6 32. Kxh4 Rh8+ 33. Kg3 Rh6 34. Rf5 b6 35. e5 fxe5 36. Rxe5 Rh1 37. Re6+ Kf7 38. Rc6 Rc1 0-1


[Site "https://www.chess.com"]

[Event "Titled Tuesday Blitz November 14 Late 2023"]
[White "AndresDelgado77"]
[Black "Oliveira, Tiago Batista"]
[BlackFideId "2108291"]
[WhiteElo "2303"]
[BlackElo "2056"]
[Result "0-1"]
[Round "10"]
[TimeControl "180+1"]
[Date "2023.11.14"]
[WhiteClock "0:00:00"]
[BlackClock "0:00:09"]
[Board "93"]

1. e4 e5 2. Nc3 Nc6 3. f4 exf4 4. d4 Be7 5. Bxf4 Bh4+ 6. g3 Bg5 7. Bxg5 Qxg5 8. Nd5 Qd8 9. Qg4 Kf8 10. O-O-O d6 11. Qf4 Nf6 12. Nf3 Bg4 13. Nxf6 Bxf3 14. Nxh7+ Rxh7 15. Qxf3 Qg5+ 16. Kb1 Re8 17. Bc4 f6 18. h4 Qh5 19. g4 Qg6 20. e5 dxe5 21. Bd3 e4 22. d5 exd3 23. cxd3 Ne5 24. h5 Qxg4 25. Qe3 Rxh5 26. Rhg1 Qf5 27. Qc5+ Kf7 28. Qxc7+ Re7 29. Rxg7+ Kxg7 30. Qxe7+ Kh6 31. Qf8+ Kg5 32. Qg7+ Kf4 33. Rf1+ Nf3 34. Kc2 Rh2+ 35. Kc3 Qe5+ 36. Kc4 Qd4+ 0-1


[Site "https://www.chess.com"]

[Event "Titled Tuesday Blitz November 14 Late 2023"]
[White "Clawitter, Craig"]
[Black "Gyulamiryan-koryun"]
[WhiteFideId "2023105"]
[WhiteElo "2258"]
[BlackElo "1894"]
[Result "0-1"]
[Round "10"]
[TimeControl "180+1"]
[Date "2023.11.14"]
[WhiteClock "0:00:00"]
[BlackClock "0:00:17"]
[Board "95"]

1. e4 e5 2. Nf3 Nc6 3. Bb5 a6 4. Ba4 Nf6 5. O-O Be7 6. Re1 b5 7. Bb3 O-O 8. h3 d6 9. c3 Be6 10. d4 exd4 11. Nxd4 Nxd4 12. cxd4 c5 13. d5 Bd7 14. a4 c4 15. Bc2 b4 16. Nd2 Rc8 17. Nf3 c3 18. Nd4 Qc7 19. Re3 Ne8 20. bxc3 bxc3 21. Qd3 Bg5 22. e5 g6 23. e6 fxe6 24. dxe6 Bc6 25. Rg3 Bxc1 26. Rxc1 Nf6 27. Re1 Rce8 28. Nxc6 Qxc6 29. Rxg6+ Kh8 30. e7 Rf7 31. Rxf6 Rg8 32. f3 Rfg7 33. e8=Q Rxg2+ 0-1


[Site "https://www.chess.com"]

[Event "Titled Tuesday Blitz November 14 Late 2023"]
[White "campochess"]
[Black "Burke, Paul"]
[BlackFideId "2605767"]
[WhiteElo "2176"]
[BlackElo "1854"]
[Result "1-0"]
[Round "10"]
[TimeControl "180+1"]
[Date "2023.11.14"]
[WhiteClock "0:01:04"]
[BlackClock "0:00:00"]
[Board "96"]

1. e4 e5 2. Bc4 Nc6 3. c3 Be7 4. Qh5 g6 5. Qe2 d6 6. a4 Be6 7. Na3 d5 8. exd5 Bxd5 9. Nf3 e4 10. Nd4 Nxd4 11. cxd4 c6 12. O-O Bxa3 13. Rxa3 Ne7 14. d3 Bxc4 15. dxc4 Qxd4 16. Be3 Qg7 17. Bc5 f5 18. Rb3 b6 19. Bd6 O-O 20. Rh3 Rad8 21. c5 Rfe8 22. Bxe7 Rxe7 23. cxb6 axb6 24. Qc4+ Qf7 25. Qxc6 Qe6 26. Qb5 Red7 27. Re3 Qd6 28. g3 Qc5 29. Qb3+ Kg7 30. Rc3 Qd5 31. Qxb6 Rd6 32. Rc7+ Kh6 33. Qa7 R8d7 34. Qe3+ Kg7 35. Rxd7+ Rxd7 36. Rc1 Qd2 37. Qxd2 Rxd2 38. Rc7+ Kh6 39. b4 Rd4 40. Rb7 Rd1+ 41. Kg2 Rd2 42. Kf1 Ra2 43. a5 e3 44. fxe3 Rxh2 45. a6 Ra2 46. a7 Kh5 47. Rxh7+ Kg4 48. b5 Kf3 49. Ke1 Kxe3 50. Kd1 Kd3 51. Kc1 Kc3 52. Kb1 Rg2 53. b6 Kb3 54. Kc1 1-0


[Site "https://www.chess.com"]

[Event "Titled Tuesday Blitz November 14 Late 2023"]
[White "katharinareinecke"]
[Black "claudiuprunescu"]
[WhiteElo "1956"]
[BlackElo "2194"]
[Result "1/2-1/2"]
[Round "10"]
[TimeControl "180+1"]
[Date "2023.11.14"]
[WhiteClock "0:00:24"]
[BlackClock "0:00:24"]
[Board "97"]

1. d4 d5 2. c4 c6 3. Nf3 Nf6 4. g3 Bg4 5. Bg2 e6 6. O-O Nbd7 7. Nc3 Bd6 8. b3 O-O 9. Bb2 Ne4 10. Nxe4 dxe4 11. Ne5 Bf5 12. Rc1 Nxe5 13. dxe5 Bc5 14. e3 a5 15. Qc2 a4 16. Rfd1 Qa5 17. Bxe4 axb3 18. axb3 Bxe4 19. Qxe4 Qb4 20. Qd3 Ra2 21. Bc3 Qxb3 22. Rb1 Qc2 23. Rd2 Qxd3 24. Rxd3 b6 25. Bb4 Bxb4 26. Rxb4 Ra6 27. Rd6 Rc8 28. Kg2 Kf8 29. Rd7 Ke8 30. Rb7 b5 31. cxb5 cxb5 32. R4xb5 Ra2 33. Rb8 Rxb8 34. Rxb8+ Ke7 35. Rb7+ Ke8 36. Rb8+ Ke7 37. Rb7+ Ke8 38. Kf3 h6 39. h4 Ra4 40. g4 h5 41. Rb8+ Ke7 42. gxh5 Rxh4 43. Rh8 f6 44. Rh7 Kf7 45. exf6 Kxf6 46. Kg3 Rh1 47. f4 e5 48. fxe5+ Kxe5 49. Kg2 Rh4 50. Rxg7 Rxh5 51. Rg3 Kf5 52. Kf2 Rg5 53. Rxg5+ Kxg5 54. Kf3 Kf5 55. e4+ Ke5 56. Ke3 Ke6 57. Kf4 Kf6 58. e5+ Ke6 59. Ke4 Ke7 60. Kf5 Kf7 61. e6+ Ke7 62. Ke5 Ke8 63. Kd6 Kd8 64. e7+ Ke8 65. Kc7 Kxe7 1/2-1/2


[Site "https://www.chess.com"]

[Event "Titled Tuesday Blitz November 14 Late 2023"]
[White "Feliz Dotel, Dewar Bienvenido"]
[Black "Liu, Xiangyi"]
[WhiteFideId "6402801"]
[BlackFideId "8605718"]
[WhiteElo "2102"]
[BlackElo "2749"]
[Result "0-1"]
[Round "10"]
[TimeControl "180+1"]
[Date "2023.11.14"]
[WhiteClock "0:00:00"]
[BlackClock "0:00:20"]
[Board "98"]

1. d4 f5 2. e3 Nf6 3. Nf3 b6 4. Be2 Bb7 5. O-O e6 6. c4 Be7 7. b3 O-O 8. Ba3 Bxa3 9. Nxa3 d6 10. Nb5 Nbd7 11. Ng5 Re8 12. Bf3 Bxf3 13. Nxf3 Ne4 14. d5 e5 15. Qc2 Ndf6 16. Nc3 Nxc3 17. Qxc3 Ne4 18. Qc2 Qf6 19. b4 Re7 20. a4 Rf8 21. a5 g5 22. axb6 axb6 23. Nd2 Nxd2 24. Qxd2 f4 25. f3 e4 26. Rae1 Rfe8 27. fxe4 Rxe4 28. exf4 gxf4 29. Qd1 Qg6 30. h3 f3 0-1


[Site "https://www.chess.com"]

[Event "Titled Tuesday Blitz November 14 Late 2023"]
[White "Vargas, Mauricio"]
[Black "Quirke, Jeffrey"]
[WhiteFideId "4404572"]
[BlackFideId "2013029"]
[WhiteElo "1840"]
[BlackElo "2220"]
[Result "0-1"]
[Round "10"]
[TimeControl "180+1"]
[Date "2023.11.14"]
[WhiteClock "0:00:56"]
[BlackClock "0:00:12"]
[Board "99"]

1. e4 e6 2. f4 d5 3. e5 c5 4. Nf3 h5 5. Bb5+ Bd7 6. Bxd7+ Qxd7 7. O-O Nh6 8. d3 Nf5 9. Nbd2 Nc6 10. Qe1 Be7 11. c3 f6 12. exf6 gxf6 13. h3 O-O-O 14. a3 Rdg8 15. Rf2 Bd6 16. Nf1 h4 17. b4 Rg7 18. bxc5 Bxc5 19. d4 Bd6 20. a4 Rhg8 21. Rb1 Rg6 22. Qe2 Bc7 23. Qb5 Bb6 24. Ba3 R6g7 25. Bc5 Bxc5 26. Qxc5 Nd6 27. a5 Ne4 28. Qb5 Nxf2 29. Kxf2 Rxg2+ 30. Ke1 e5 31. fxe5 fxe5 32. Nxe5 Nxe5 33. dxe5 Qxb5 34. Rxb5 Rc2 35. Rxd5 Rxc3 36. Rd2 Rxh3 37. Re2 Re8 38. Nd2 Rh1+ 39. Kf2 Rh2+ 40. Kg1 Rxe2 41. Nf3 R8xe5 42. Nxe5 Rxe5 43. Kh2 Rxa5 44. Kh3 Rg5 45. Kxh4 Rg8 46. Kh5 Kd7 47. Kh6 Ke6 48. Kh7 Rg2 49. Kh6 Kf5 50. Kh5 Rh2# 0-1


[Site "https://www.chess.com"]

[Event "Titled Tuesday Blitz November 14 Late 2023"]
[White "Martinez Alcantara, Jose Eduardo"]
[Black "Tabatabaei, M. Amin"]
[WhiteFideId "3805662"]
[BlackFideId "12521213"]
[WhiteElo "3033"]
[BlackElo "3095"]
[Result "0-1"]
[Round "11"]
[TimeControl "180+1"]
[Date "2023.11.14"]
[WhiteClock "0:00:00"]
[BlackClock "0:00:03"]
[Board "1"]

1. e4 c6 2. d4 d5 3. e5 c5 4. dxc5 e6 5. c3 Nd7 6. Nf3 Bxc5 7. Bd3 Ne7 8. Qe2 Nc6 9. Bf4 h6 10. Nbd2 a6 11. h4 Bb6 12. Rh3 Qe7 13. Kf1 Nc5 14. Bc2 Bd7 15. b4 Nxb4 16. cxb4 Bb5 17. bxc5 Bxe2+ 18. Kxe2 Qxc5 19. Ba4+ Ke7 20. Bg3 Rac8 21. Rb1 Qa5 22. h5 Qxa4 23. Rxb6 Rc7 24. Rh4 Qxa2 25. Rhb4 Rhc8 26. Bf4 Kf8 27. g4 a5 28. Rb2 Qa4 29. Be3 Qxg4 30. R6b5 Qxh5 31. Rxa5 Qg4 32. Rab5 d4 33. R5b4 Rd7 34. Bxd4 Kg8 35. Be3 Qf5 36. Ne4 Qg6 37. Nfd2 Qh5+ 38. Nf3 Rdc7 39. Nd2 Rc2 40. R2b3 R8c7 41. Rh4 Qf5 42. Rd3 Rc8 43. Rf4 Qg6 44. Rdd4 Rc1 45. Rg4 Qc2 46. Bxh6 g6 47. Ke3 b5 48. Kf4 Rh1 49. Bg5 Rh3 50. Rg3 Qf5+ 51. Ke3 Rc3+ 52. Ke2 Rxg3 53. fxg3 Qh3 54. Rd8+ Kh7 55. Bf6 Qg2+ 56. Kd1 g5 57. Rh8+ Kg6 58. Rg8+ Kh7 59. Rh8+ Kg6 60. Rg8+ Kh5 61. Rxg5+ Kh6 62. Bg7+ Kh7 63. Bf6 Rxf3 64. Rg7+ Kh6 65. Nxf3 Qxf3+ 66. Kd2 b4 67. g4 Qc3+ 68. Ke2 b3 69. Rg8 Qc2+ 70. Kf3 Qd3+ 71. Kf2 Qd2+ 72. Kf3 Qd1+ 73. Kf2 Qc2+ 74. Kf3 Qd3+ 75. Kf2 b2 76. Rh8+ Qh7 77. Rb8 b1=Q 78. Kg3 Qxb8 0-1


[Site "https://www.chess.com"]

[Event "Titled Tuesday Blitz November 14 Late 2023"]
[White "Erigaisi Arjun"]
[Black "Zhigalko, Sergei"]
[WhiteFideId "35009192"]
[BlackFideId "13502956"]
[WhiteElo "3064"]
[BlackElo "2924"]
[Result "1-0"]
[Round "11"]
[TimeControl "180+1"]
[Date "2023.11.14"]
[WhiteClock "0:00:22"]
[BlackClock "0:00:00"]
[Board "2"]

1. c4 e5 2. d3 Nf6 3. a3 g6 4. Nf3 d6 5. Nc3 Bg7 6. g3 O-O 7. Bg2 Re8 8. O-O c6 9. e4 a5 10. Re1 Na6 11. Rb1 Bg4 12. Be3 Nc5 13. b4 axb4 14. axb4 Ne6 15. h3 Bxf3 16. Bxf3 Ra3 17. Qc1 Qa8 18. Ra1 Rxa1 19. Qxa1 Nd4 20. Bxd4 exd4 21. Ne2 Nd7 22. Bg2 Ne5 23. Qb1 Qa3 24. Rd1 Nd7 25. b5 Nc5 26. bxc6 bxc6 27. h4 h5 28. e5 Bxe5 29. Bxc6 Re7 30. Kg2 Kg7 31. Ng1 Ra7 32. Nf3 Bf6 33. Qb8 Re7 34. Qxd6 Re6 35. Qd5 Qb3 36. Rd2 Nxd3 37. Nxd4 Bxd4 38. Qxd4+ Ne5 39. Bd5 Re7 40. f4 f6 41. fxe5 fxe5 42. Qe4 Qc3 43. Rf2 Qd4 44. Qxd4 exd4 45. Rd2 d3 46. Rxd3 Re2+ 47. Kh3 1-0


[Site "https://www.chess.com"]

[Event "Titled Tuesday Blitz November 14 Late 2023"]
[White "Nazari, Arad"]
[Black "Nakamura, Hikaru"]
[WhiteFideId "12577324"]
[BlackFideId "2016192"]
[WhiteElo "2815"]
[BlackElo "3277"]
[Result "0-1"]
[Round "11"]
[TimeControl "180+1"]
[Date "2023.11.14"]
[WhiteClock "0:00:00"]
[BlackClock "0:00:12"]
[Board "3"]

1. e4 e6 2. d4 d5 3. e5 c5 4. c3 Qb6 5. Nf3 Bd7 6. Be2 Bb5 7. Bxb5+ Qxb5 8. Na3 Qc6 9. O-O Nd7 10. dxc5 Nxc5 11. b4 Nd7 12. Qd3 Ne7 13. Nb5 Ng6 14. Re1 Be7 15. Nbd4 Qc4 16. Qxc4 dxc4 17. h4 h5 18. g3 Nb6 19. a4 Nd5 20. Bb2 a5 21. b5 Bc5 22. Nc2 Rc8 23. Re4 Nf8 24. Kg2 Nb6 25. Nd2 Nfd7 26. Ba3 Nxa4 27. Bxc5 Naxc5 28. Rf4 Nxe5 29. Nxc4 Nxc4 30. Rxc4 b6 31. Nb4 Ke7 32. Nc6+ Rxc6 33. bxc6 Kd6 34. Rf4 f6 35. Rd4+ Kxc6 36. Rad1 Kc7 37. f3 a4 38. Kf2 e5 39. Rb4 Ra8 40. Ke2 f5 41. Ra1 g6 42. Ra2 Kc6 43. Ra3 Re8 44. Ra2 Ra8 45. Ra3 Rd8 46. Ra1 Rd3 47. Rbxa4 e4 48. fxe4 Rxg3 49. Ra8 Nxe4 50. Rc8+ Kb7 51. Rg8 Nxc3+ 52. Kf2 Ne4+ 53. Ke2 b5 54. Rg7+ Kb6 55. Ra8 Kc5 56. Rc8+ Kd4 57. Rd7+ Ke5 58. Re8+ Kf4 59. Rb7 Re3+ 60. Kf1 Nd2+ 0-1


[Site "https://www.chess.com"]

[Event "Titled Tuesday Blitz November 14 Late 2023"]
[White "Yoo, Christopher Woojin"]
[Black "Naroditsky, Daniel"]
[WhiteFideId "30909694"]
[BlackFideId "2026961"]
[WhiteElo "3060"]
[BlackElo "3107"]
[Result "1-0"]
[Round "11"]
[TimeControl "180+1"]
[Date "2023.11.14"]
[WhiteClock "0:00:04"]
[BlackClock "0:00:01"]
[Board "4"]

1. e4 d6 2. d4 Nc6 3. Nf3 Nf6 4. Nc3 g6 5. Bb5 a6 6. Bxc6+ bxc6 7. O-O Bg7 8. Re1 O-O 9. h3 Bb7 10. Bf4 Nd7 11. e5 c5 12. d5 Nb6 13. Qd3 c6 14. exd6 exd6 15. dxc6 Bxc6 16. Bxd6 c4 17. Qd2 Bxf3 18. gxf3 Qd7 19. Kg2 Rfe8 20. Ne4 Qf5 21. Bg3 Red8 22. Qb4 Nd5 23. Qxc4 Nf4+ 24. Bxf4 Qxf4 25. Qe2 Bxb2 26. Rad1 Re8 27. Qe3 Qh4 28. Rd7 Bg7 29. Red1 h6 30. Rb7 Re5 31. Qb3 Rf8 32. Rdd7 Rf5 33. Ng3 Rf6 34. Qd5 Qf4 35. c4 h5 36. c5 h4 37. Ne2 Qh6 38. Rd6 Rf5 39. Qxf5 gxf5 40. Rxh6 Bxh6 41. Nd4 Rc8 42. c6 Bf8 43. c7 Kg7 44. Nxf5+ Kf6 45. Ne3 Bd6 46. Rb6 Ke6 47. Nc4 Rxc7 48. Rxd6+ Ke7 49. Rd4 Kf6 50. Ne3 Rc2 51. Nxc2 1-0


[Site "https://www.chess.com"]

[Event "Titled Tuesday Blitz November 14 Late 2023"]
[White "BardArtem"]
[Black "Nihal Sarin"]
[BlackFideId "25092340"]
[WhiteElo "2845"]
[BlackElo "3098"]
[Result "0-1"]
[Round "11"]
[TimeControl "180+1"]
[Date "2023.11.14"]
[WhiteClock "0:00:03"]
[BlackClock "0:00:40"]
[Board "5"]

1. e4 g6 2. d4 Bg7 3. Nc3 c6 4. Nf3 d5 5. h3 b5 6. a3 a6 7. Bd3 Nf6 8. O-O O-O 9. Re1 e6 10. e5 Nfd7 11. Ne2 c5 12. c3 Nc6 13. Bf4 Rb8 14. h4 a5 15. h5 b4 16. axb4 axb4 17. Qd2 Re8 18. Bg5 Qc7 19. Nf4 Bb7 20. Qc2 c4 21. Be2 Ra8 22. Nh4 bxc3 23. bxc3 Ndxe5 24. h6 Rxa1 25. Rxa1 f6 26. dxe5 fxg5 27. Nfxg6 Bxh6 28. Nf3 Qf7 29. Rb1 Nd8 30. Nd4 Qxg6 31. Qd1 Rf8 32. Bg4 Bg7 33. Rb6 Bc8 34. Nf3 h5 35. Bh3 g4 36. Nh4 Qg5 37. f4 Qxh4 38. Qe1 Qxe1+ 0-1


[Site "https://www.chess.com"]

[Event "Titled Tuesday Blitz November 14 Late 2023"]
[White "Maghsoodloo, Parham"]
[Black "Khismatullin, Denis"]
[WhiteFideId "12539929"]
[BlackFideId "4142578"]
[WhiteElo "2981"]
[BlackElo "2971"]
[Result "1-0"]
[Round "11"]
[TimeControl "180+1"]
[Date "2023.11.14"]
[WhiteClock "0:00:02"]
[BlackClock "0:00:00"]
[Board "6"]

1. e4 c5 2. Nf3 e6 3. d4 cxd4 4. Nxd4 Nf6 5. Nc3 Nc6 6. a3 Be7 7. Nf3 d5 8. exd5 exd5 9. Bd3 O-O 10. h3 h6 11. O-O Re8 12. Re1 a6 13. Be3 Bf8 14. Bf4 Rxe1+ 15. Qxe1 Be6 16. Rd1 Qa5 17. Bd2 Qc7 18. Ne2 Re8 19. Bf4 Qb6 20. b4 d4 21. Qd2 Kh8 22. Ne5 Ne7 23. Bc4 Ned5 24. Nxd4 Ne4 25. Qe1 Nxf4 26. Qxe4 Bxc4 27. Qxf4 Ba2 28. Nxf7+ Kg8 29. Ne5 Qd6 30. Nd3 Qxf4 31. Nxf4 Bc4 32. Nf5 a5 33. c3 axb4 34. axb4 b5 35. Ng6 Re6 36. Nxf8 Kxf8 37. Rd8+ Kf7 38. Rd7+ Kf6 39. Ne3 Bb3 40. Rc7 g5 41. Rc5 Ba4 42. Nf5 Kg6 43. Nd4 Re1+ 44. Kh2 Rc1 45. Rc6+ Kf7 46. Nf5 h5 47. h4 gxh4 48. Nxh4 Bb3 49. Nf3 Bd5 50. Ne5+ Ke7 51. Rc5 Kd6 52. Ng6 Rc2 53. Nf4 Bc4 54. f3 1-0


[Site "https://www.chess.com"]

[Event "Titled Tuesday Blitz November 14 Late 2023"]
[White "Bazeev, German"]
[Black "Makarian, Rudik"]
[WhiteFideId "24119350"]
[BlackFideId "44105681"]
[WhiteElo "2835"]
[BlackElo "2955"]
[Result "0-1"]
[Round "11"]
[TimeControl "180+1"]
[Date "2023.11.14"]
[WhiteClock "0:00:17"]
[BlackClock "0:00:28"]
[Board "7"]

1. c4 e6 2. Nf3 d5 3. g3 Nf6 4. Bg2 dxc4 5. Qa4+ c6 6. Qxc4 b5 7. Qc2 Bb7 8. O-O Nbd7 9. d3 a6 10. a4 Rc8 11. Nc3 Be7 12. b3 O-O 13. Bb2 Qb6 14. h3 h6 15. e4 c5 16. Rfe1 Rfd8 17. Rad1 Nb8 18. Ne5 Nfd7 19. Ng4 Nc6 20. Ne2 Nd4 21. Qc1 Bg5 22. Qb1 h5 23. Ne3 Bf6 24. Nf4 g6 25. Kh2 Bg7 26. Ba1 Ne5 27. Rf1 Qa5 28. Rc1 Nef3+ 29. Kh1 Nd2 30. Qa2 N2xb3 31. Bxd4 Nxc1 0-1


[Site "https://www.chess.com"]

[Event "Titled Tuesday Blitz November 14 Late 2023"]
[White "Ivic, Velimir"]
[Black "Chigaev, Maksim"]
[WhiteFideId "950122"]
[BlackFideId "4108116"]
[WhiteElo "2827"]
[BlackElo "2936"]
[Result "0-1"]
[Round "11"]
[TimeControl "180+1"]
[Date "2023.11.14"]
[WhiteClock "0:00:22"]
[BlackClock "0:00:18"]
[Board "8"]

1. Nf3 Nf6 2. g3 g6 3. Bg2 Bg7 4. O-O O-O 5. c4 d6 6. Nc3 c5 7. d3 Nc6 8. Rb1 Qd7 9. a3 b6 10. b4 Bb7 11. Bd2 Rfd8 12. e4 Ng4 13. h3 Nge5 14. Ne1 f5 15. f4 Nf7 16. Nc2 e6 17. Kh2 Rac8 18. Qe1 Nd4 19. Ne3 Re8 20. Qf2 Rf8 21. Rbe1 fxe4 22. Bxe4 Bxe4 23. Nxe4 Ne5 24. Qg2 Nxd3 25. Rd1 Nb2 26. Rc1 Na4 27. b5 Rcd8 28. h4 d5 29. Ng5 h6 30. Nh3 dxc4 31. Nxc4 Qxb5 32. Ne5 Bxe5 33. fxe5 Nf3+ 34. Rxf3 Rxf3 35. Qxf3 Rxd2+ 36. Kg1 Qd3 37. Qa8+ Qd8 38. Qe4 Qd4+ 39. Qxd4 cxd4 40. Nf4 Nc3 41. Kf1 Rh2 42. Kg1 Ne2+ 43. Kxh2 Nxc1 44. Kg2 d3 45. Kf2 d2 0-1


[Site "https://www.chess.com"]

[Event "Titled Tuesday Blitz November 14 Late 2023"]
[White "Fiorito, Francisco"]
[Black "Szpar, Milosz"]
[WhiteFideId "180165"]
[BlackFideId "1184989"]
[WhiteElo "2629"]
[BlackElo "2871"]
[Result "1-0"]
[Round "11"]
[TimeControl "180+1"]
[Date "2023.11.14"]
[WhiteClock "0:00:16"]
[BlackClock "0:00:01"]
[Board "9"]

1. Nf3 d5 2. g3 c6 3. Bg2 Bg4 4. O-O Nd7 5. h3 Bxf3 6. exf3 e6 7. f4 g6 8. Re1 Bg7 9. d3 Ne7 10. Nd2 c5 11. Nf3 Nc6 12. h4 h5 13. Ng5 O-O 14. Rb1 Rc8 15. Bd2 b5 16. c3 a5 17. Qe2 Re8 18. Qf3 b4 19. Rbc1 a4 20. a3 bxa3 21. bxa3 Na5 22. Rc2 Nb3 23. f5 Qf6 24. fxe6 fxe6 25. Qxf6 Bxf6 26. Rxe6 Bxg5 27. Rxe8+ Rxe8 28. Bxd5+ Kg7 29. Bxg5 Re1+ 30. Kg2 Ra1 31. Re2 Nb6 32. Re7+ Kf8 33. Bc6 Rxa3 34. Re8+ Kf7 35. Re7+ Kf8 36. Rb7 Na5 37. Rxb6 Rxc3 38. Bxa4 Rxd3 39. Rxg6 Nc4 40. Bb5 Rc3 41. Bxc4 Rxc4 42. Rc6 Rc2 43. Be3 1-0


[Site "https://www.chess.com"]

[Event "Titled Tuesday Blitz November 14 Late 2023"]
[White "mind1mover"]
[Black "Andreikin, Dmitry"]
[BlackFideId "4158814"]
[WhiteElo "2804"]
[BlackElo "3107"]
[Result "0-1"]
[Round "11"]
[TimeControl "180+1"]
[Date "2023.11.14"]
[WhiteClock "0:00:01"]
[BlackClock "0:01:56"]
[Board "10"]

1. Nf3 b5 2. e4 Bb7 3. Bxb5 Bxe4 4. O-O c6 5. Be2 e6 6. c4 Nf6 7. Nc3 Bxf3 8. Bxf3 d5 9. Re1 Be7 10. b3 O-O 11. Bb2 Nbd7 12. d4 a5 13. Qc2 Bd6 14. Rad1 h5 15. h3 Qb8 16. Na4 Rc8 17. Qe2 Bb4 18. Rf1 Bf8 19. Rc1 h4 20. Rc2 Qf4 21. Qe3 Qf5 22. Rfc1 Bd6 23. Qe2 Qf4 24. Kf1 Qh2 25. Ke1 Bf4 26. Rb1 e5 27. cxd5 cxd5 28. Rxc8+ Rxc8 29. dxe5 Bxe5 30. Nb6 Re8 31. Nxd7 Qg1+ 32. Kd2 Qxb1 33. Nxf6+ gxf6 0-1


[Site "https://www.chess.com"]

[Event "Titled Tuesday Blitz November 14 Late 2023"]
[White "Hakobyan, Aram"]
[Black "Holt, Conrad"]
[WhiteFideId "13306677"]
[BlackFideId "2034387"]
[WhiteElo "3013"]
[BlackElo "2800"]
[Result "1-0"]
[Round "11"]
[TimeControl "180+1"]
[Date "2023.11.14"]
[WhiteClock "0:00:28"]
[BlackClock "0:00:02"]
[Board "11"]

1. c4 c6 2. Nf3 d5 3. e3 Nf6 4. Nc3 Nbd7 5. Qc2 e6 6. b3 Bd6 7. Bb2 a6 8. d4 b5 9. Be2 b4 10. Na4 Ne4 11. O-O O-O 12. Nd2 Qc7 13. g3 Nxd2 14. Qxd2 dxc4 15. Bxc4 e5 16. Rac1 Nf6 17. dxe5 Bxe5 18. Qxb4 Bh3 19. Rfd1 Ne4 20. Be2 Nxg3 21. hxg3 Bxg3 22. Qe4 Bxf2+ 23. Kxf2 Qh2+ 24. Ke1 Rad8 25. Rxd8 Rxd8 26. Bd4 h5 27. Qe5 Qg2 28. Kd2 Bg4 29. Qxg7# 1-0


[Site "https://www.chess.com"]

[Event "Titled Tuesday Blitz November 14 Late 2023"]
[White "Brodsky, David"]
[Black "Ibarra Jerez, Jose Carlos"]
[WhiteFideId "2073250"]
[BlackFideId "2226332"]
[WhiteElo "2792"]
[BlackElo "2945"]
[Result "0-1"]
[Round "11"]
[TimeControl "180+1"]
[Date "2023.11.14"]
[WhiteClock "0:02:18"]
[BlackClock "0:02:49"]
[Board "12"]

1. e4 c5 2. Nf3 e6 3. d4 cxd4 4. Nxd4 Bc5 5. Nc3 Qb6 6. Na4 Qa5+ 7. c3 Bxd4 8. Qxd4 Nf6 9. b4 Qxa4 10. Bg5 Nc6 11. Qc5 Nxe4 0-1


[Site "https://www.chess.com"]